 Dungeon Crawl Stone Soup version 0.31-a0-208-gdb31a4691d (webtiles) character file.

Game seed: 11116952817679496947

477619 Drazool the Ninja (level 25, -3/151 (156) HPs)
             Began as a Kobold Brigand on June 26, 2023.
             Was a High Priest of Lugonu.
             Slain by Mennas
             ... wielding a +0 sacred scourge of holy wrath
              (6 damage)
             ... on level 3 of the Depths on June 28, 2023.
             The game lasted 05:01:11 (63747 turns).

Drazool the Ninja (Kobold Brigand)                 Turns: 63747, Time: 05:01:12

HP:   -3/151 (156)  AC: 16    Str:  9    XL:     25   Next: 69%
MP:   0/39          EV: 43    Int: 19    God:    Lugonu [*****.]
Gold: 5428          SH: 12    Dex: 28    Spells: 19/24 levels left

rFire   + . .        b - +9 demon blade (distort)
rCold   + + +        R - +2 buckler
rNeg    . . .        S - +4 moon troll leather armour {Spirit, Regen++ MP+5}
rPois   .            x - +2 helmet
rElec   .            l - scarf {repulsion}
rCorr   .            o - +0 pair of gloves of Dramatic Exits {*Corrode rC++ Will+ Regen+ Str-2}
SInv    +            H - +2 pair of boots {Fly}
Will    ++...        Q - amulet of Idewauwk {Reflect Int+3 Dex+2 SH+5}
Stlth   +++++        C - ring "Roplit" {Int+4 SInv}
HPRegen 2.85/turn    z - ring of Kogaf {rF+ rC+ Str+2}
MPRegen 0.26/turn

%: corrode self (3%), repel missiles, reflection, guardian spirit
@: lethally poisoned (-3 -> -3), marked, flying, hasted, glowing, studying Ice
Magic, silenced, lightly drained, very quick
A: small, no large weapons, nightstalker 3, dopey 1, low MP 1
}: 3/15 runes: barnacled, abyssal, gossamer
a: Renounce Religion


You were on level 3 of the Depths.
You worshipped Lugonu.
Lugonu was extremely pleased with you.
You visited 9 branches of the dungeon, and saw 41 of its levels.
You visited the Abyss 7 times.
You also visited: Trove, Bailey, Gauntlet, Ice Cave and Wizlab.

You collected 6240 gold pieces.
You spent 812 gold pieces at shops.


Innate Abilities, Weirdness & Mutations

You are small and have problems with some larger weapons.
You are completely attuned to the shadows.
You are dopey. (Int -2)
Your magical capacity is low. (-10% MP)


   Skills:
 - Level 15.5 Fighting
 - Level 12.6(15.5) Short Blades
 + Level 9.7(11.0) Long Blades
 - Level 2.1 Throwing
 - Level 4.4 Armour
 + Level 26.5 Dodging
 O Level 27 Stealth
 - Level 10.4 Hexes
 - Level 7.0 Ice Magic
 + Level 23.7 Invocations
 - Level 5.8 Evocations


You had 19 spell levels left.
You knew the following spells:

 Your Spells              Type           Power      Damage    Failure   Level
d - Tukima's Dance        Hex            39%        N/A       1%          3
e - Ensorcelled Hibernat  Hex/Ice        66%        N/A       1%          2

Your spell library contained the following spells:

 Spells                   Type           Power      Damage    Failure   Level
 Confusing Touch          Hex            39%        N/A       1%          3
 Freeze                   Ice            100%       1d10      2%          1
 Cause Fear               Hex            19%        N/A       6%          4
 Frozen Ramparts          Ice            52%        1d8       8%          3
 Inner Flame              Hex/Fire       19%        N/A       16%         3
 Portal Projectile        Hex/Tloc       38%        N/A       16%         3
 Summon Guardian Golem    Hex/Summ       19%        N/A       16%         3
 Hailstorm                Conj/Ice       13%        3d5       30%         3
 Beastly Appendage        Tmut           0%         N/A       41%         1
 Kiss of Death            Conj/Necr      0%         2d5       41%         1
 Sandblast                Erth           0%         2d4       41%         1
 Sting                    Tmut/Pois      0%         1d3       41%         1
 Summon Small Mammal      Summ           0%         N/A       41%         1
 Anguish                  Hex/Necr       9%         N/A       45%         4
 Leda's Liquefaction      Hex/Erth       9%         N/A       45%         4
 Call Imp                 Summ           0%         N/A       54%         2
 Cigotuvi's Dreadful Rot  Necr/Pois/Air  0%         N/A       54%         2
 Lesser Beckoning         Tloc           0%         N/A       54%         2
 Passwall                 Tmut/Erth      0%         N/A       54%         2
 Poisonous Vapours        Pois/Air       0%         N/A       54%         2
 Scorch                   Fire           0%         2d5       54%         2
 Wereblood                Tmut           0%         N/A       54%         2
 Call Canine Familiar     Summ           0%         N/A       78%         3
 Gell's Gravitas          Tloc           0%         N/A       78%         3
 Spider Form              Tmut/Pois      0%         N/A       78%         3
 Stone Arrow              Conj/Erth      0%         3d7       78%         3
 Teleport Other           Tloc           0%         N/A       78%         3
 Silence                  Hex/Air        9%         N/A       82%         5
 Summon Mana Viper        Hex/Summ       19%        N/A       82%         5
 Yara's Violent Unravell  Hex/Tmut       9%         3d6       82%         5
 Animate Armour           Summ/Erth      0%         N/A       99%         4
 Dispel Undead            Necr           0%         3d6       99%         4
 Flame Wave               Conj/Fire      0%         2d4       99%         4
 Manifold Assault         Tloc           0%         N/A       99%         4
 Olgreb's Toxic Radiance  Pois           0%         N/A       99%         4
 Passage of Golubria      Tloc           0%         N/A       99%         4
 Sticky Flame             Conj/Fire      0%         2d3       99%         4
 Summon Lightning Spire   Summ/Air       0%         N/A       99%         4
 Enfeeble                 Hex            19%        N/A       99%         7
 Alistair's Intoxication  Tmut/Pois      0%         N/A       100%        5
 Blade Hands              Tmut           0%         N/A       100%        5
 Conjure Ball Lightning   Conj/Air       0%         3x3d6     100%        6
 Dispersal                Tloc           0%         N/A       100%        6
 Summon Cactus Giant      Summ           0%         N/A       100%        6
 Orb of Destruction       Conj           0%         9d5       100%        7
 Spellforged Servitor     Conj/Summ      0%         N/A       100%        7
 Discord                  Hex            19%        N/A       100%        8
 Disjunction              Tloc           0%         N/A       100%        8
 Ignition                 Fire           0%         3d3       100%        8
 Infestation              Necr           0%         N/A       100%        8
 Lehudib's Crystal Spear  Conj/Erth      0%         10d2      100%        8
 Chain Lightning          Conj/Air       0%         N/A       100%        9
 Dragon's Call            Summ           0%         N/A       100%        9
 Fire Storm               Conj/Fire      0%         5d1       100%        9
 Shatter                  Erth           0%         3d5*      100%        9

Inventory:

Hand Weapons
 a - a +1 dagger of distortion
 b - a +9 demon blade of distortion (weapon)
Missiles
 d - 57 poisoned darts
 e - 33 curare-tipped darts (quivered) {=f}
 h - 5 silver boomerangs
 J - a throwing net {=f}
 P - 5 atropa-tipped darts
Armour
 l - a scarf of repulsion (worn)
 o - the +0 pair of gloves of Dramatic Exits (worn) {*Corrode rC++ Will+ Regen+ Str-2}
   (You found it on level 4 of the Spider Nest)

   Str:       It affects your strength (-2).
   rC:        It greatly protects you from cold.
   Regen:     It increases your rate of health regeneration.
   *Corrode:  It may corrode you when you take damage.
   Will:      It increases your willpower.
 v - the +3 pair of seven-league boots {Rampage+∞}
   (You found it on level 2 of the Depths)

   Rampage+∞: When moving toward enemies, its wearer moves as far as possible,
   alerting their target en route.
 x - a +2 helmet (worn)
 H - a +2 pair of boots of flying (worn)
 R - a +2 buckler (worn)
 S - the +4 moon troll leather armour (worn) {Spirit, Regen++ MP+5}
   (You found it on level 5 of the Lair of Beasts)

   MP:        It affects your magic capacity (+5).
   Regen:     It increases your rate of health regeneration.
Jewellery
 w - a ring of willpower
 z - the ring of Kogaf (right hand) {rF+ rC+ Str+2}
   (You found it in a bailey)

   [ring of protection from fire]

   Str:       It affects your strength (+2).
   rF:        It protects you from fire.
   rC:        It protects you from cold.
 C - the ring "Roplit" (left hand) {Int+4 SInv}
   (You found it on level 2 of the Depths)

   [ring of see invisible]

   Int:       It affects your intelligence (+4).
   SInv:      It lets you see invisible.
 L - a ring of flight
 Q - the amulet of Idewauwk (around neck) {Reflect Int+3 Dex+2 SH+5}
   (You found it in a Gauntlet)

   [amulet of reflection]

   It reflects blocked missile attacks.
   Int:       It affects your intelligence (+3).
   Dex:       It affects your dexterity (+2).
   SH:        It affects your SH (+5).
 Y - a +4 ring of slaying
Wands
 k - a wand of acid (8)
 B - a wand of flame (174)
 E - a wand of digging (7)
 N - a wand of charming (30)
 U - a wand of mindburst (51)
 V - a wand of iceblast (34)
 X - a wand of polymorph (34)
Scrolls
 g - 12 scrolls of fog
 i - 3 scrolls of fear
 n - 9 scrolls of revelation
 q - 5 scrolls of silence {!r}
 s - 5 scrolls of poison
 y - 20 scrolls of identify {@r1}
 D - 6 scrolls of amnesia
 F - 3 scrolls of enchant weapon
 K - a scroll of brand weapon
 W - 6 scrolls of teleportation {@r2}
 Z - a scroll of blinking
Potions
 c - 3 potions of cancellation
 f - 3 potions of invisibility
 j - 3 potions of ambrosia
 m - 10 potions of lignification
 p - 4 potions of attraction
 r - 3 potions of berserk rage {!q}
 t - 3 potions of mutation
 u - 11 potions of curing {@q1}
 A - 9 potions of haste {@q3}
 G - 13 potions of enlightenment
 I - 6 potions of might
 M - 2 potions of magic
 O - 5 potions of resistance
 T - 7 potions of brilliance

Dungeon Overview and Level Annotations

Branches:
Dungeon (15/15)            Temple (1/1) D:4            Lair (5/5) D:8
 Shoals (4/4) Lair:3       Spider (4/4) Lair:3        Slime (0/5) Lair:5
    Orc (2/2) D:10            Elf (2/3) Orc:2        Vaults (4/5) D:14
  Crypt (0/3) Vaults:3     Depths (4/4) D:15         Bailey (visited)
  IceCv (visited)          WizLab (visited)         Gauntlet (visited)
    Zot: Depths:4

Altars:
Ashenzari
Cheibriados
Dithmenos
Elyvilon
Fedhas
Gozag
Hepliaklqana
Kikubaaqudgha
Makhleb
Nemelex Xobeh
Okawaru
Qazlal
Ru
Sif Muna
Trog
Uskayaw
Vehumet
Wu Jian
Xom
Yredelemnul
Zin
The Shining One
Jiyva
Lugonu

Shops:
D:2 :   D:9 ?   D:14 (   Orc:1 *   Orc:2 *(:   Elf:1 ::=   Elf:2 ?
Vaults:2 :=[   Depths:2 *   Depths:3 :

Portals:
Hell: Depths:1 Depths:3
Abyss: Depths:1 Depths:3
Pandemonium: Depths:3
Ziggurat: Depths:3

Annotations:
Lair:2 2 runed translucent doors, Poirhunoest's ghost, journeyman HuSu
Shoals:4 1 runed translucent door
Vaults:1 2 transporters
Depths:1 2 transporters
Depths:2 3 runed translucent doors, Cakioj's ghost, veteran DjCj
Depths:3 Mennas
Abyss:1 Nikola

.....##............#...#...#..##
......#......#.......#...#.....#
.▒▒....#..#..#...[[....#....####
▒▒▒▒.....###................#
▒(.▒▒....###...............^#
..(.▒▒...##.................#
....▒▒...##..>.#..........?.##
...▒▒....#>.#..#..#########..#
..▒▒...........A@.'.....#.#..#
.▒▒.......###..##.#####.#'#..#
▒▒........##...##.#∩#.#...#..#
▒............##.#.#.#'###'#..#
▒▒▒▒▒▒▒▒....###...#.#...#.#..#
......▒▒.....###..#.#'#'#'#.##
.......'^.........#.'.#...#.#
......▒▒..........#########.#
▒▒▒▒▒▒▒▒......#.............#


You could see Mennas (silencing).


Message History

* * * LOW HITPOINT WARNING * * *
You feel extremely sick.
Unknown command.
You feel extremely sick.
You feel extremely sick.
You feel extremely sick. Mennas attacks as you move away!
You block Mennas's attack. Mennas misses you.
You feel very sick.
There is a stone staircase leading up here.
You feel very sick.
Mennas hits you with a +0 sacred scourge of holy wrath!!
* * * LOW HITPOINT WARNING * * *
Mennas hits you with a +0 sacred scourge of holy wrath!
* * * LOW HITPOINT WARNING * * *
Mennas barely misses you. You block Mennas's attack.
You fly upwards.
* * * LOW HITPOINT WARNING * * *
You feel very sick.
There is a stone staircase leading down here.
You feel yourself speed up.
You feel very sick. Mennas completely misses you.
Mennas hits you with a +0 sacred scourge of holy wrath.
You feel sick.
You feel sick. Mennas attacks as you move away! You block Mennas's attack.
Mennas completely misses you.
You feel sick. Mennas attacks as you move away! You block Mennas's attack.
Mennas hits you with a +0 sacred scourge of holy wrath!
You die...

Skill      XL: |  1  2  3  4  5  6  7  8  9 10 11 12 13 14 15 16 17 18 19 20 21 22 23 24 25 |
---------------+----------------------------------------------------------------------------+-----
Short Blades   | 3 4 5 6 7 8 10 12 | 12.6
Dodging        | 2 3 4 5 6 7 9 11 12 14 16 18 20 21 22 23 24 25 26 | 26.5
Fighting       | 3 4 5 6 8 10 11 12 14 15 | 15.5
Stealth        | 6 7 8 9 10 11 12 13 17 18 20 23 24 25 27 | 27.0
Evocations     | 3 5 |  5.8
Invocations    | 3 5 7 10 12 16 18 19 20 21 23 | 23.7
Hexes          | 4 5 6 7 8 10 | 10.4
Ice Magic      | 4 5 6 7 |  7.0
Armour         | 4 |  4.4
Long Blades    | 5 8 9 |  9.7
Throwing       | |  2.1

Action                     |  1- 3 |  4- 6 |  7- 9 | 10-12 | 13-15 | 16-18 | 19-21 | 22-24 | 25-27 || total
---------------------------+-------+-------+-------+-------+-------+-------+-------+-------+-------++-------
  Melee: Dagger            |    48 |    31 |   198 |    35 |   701 |  1428 |  2370 |   791 |    23 ||  5625
         Short sword       |     2 |    14 |   165 |   475 |   415 |       |       |       |       ||  1071
         Punch             |     1 |     1 |     3 |    12 |     7 |       |       |       |       ||    24
         Rapier            |       |       |     2 |   218 |       |       |       |       |       ||   220
         Scimitar          |       |       |       |       |    31 |       |       |       |       ||    31
         Demon blade       |       |       |       |       |       |       |       |  1229 |   405 ||  1634
  Throw: Dart              |       |     2 |     8 |    33 |    68 |    17 |    40 |    51 |     5 ||   224
   Cast: Ensorcelled Hiber |       |       |       |     2 |   115 |   167 |   117 |     4 |     4 ||   409
         Tukima's Dance    |       |       |       |       |       |       |     8 |     1 |     9 ||    18
 Invoke: Banish            |       |       |       |       |     5 |    25 |    20 |    11 |     1 ||    62
         Depart the Abyss  |       |       |       |       |       |       |       |     7 |       ||     7
         Brand Weapon With |       |       |       |       |       |       |       |     1 |       ||     1
  Evoke: Wand              |       |       |       |     5 |       |    17 |    13 |     3 |     1 ||    39
         Piece from Xom's  |       |       |       |       |     1 |       |       |       |       ||     1
    Use: Scroll            |       |     1 |    17 |     6 |     9 |     6 |     8 |    10 |       ||    57
         Potion            |       |       |     9 |       |     2 |       |     5 |     6 |     1 ||    23
   Stab: Sleeping          |    23 |    15 |    24 |    35 |    86 |   160 |   120 |    86 |    17 ||   566
         Distracted        |       |     1 |       |    10 |     2 |     6 |    12 |    21 |     3 ||    55
         Betrayed ally     |       |       |       |       |       |     2 |       |       |       ||     2
 Armour: Robe              |     3 |     4 |     1 |       |       |       |       |       |       ||     8
         Troll leather arm |       |       |    42 |    82 |    72 |    84 |   140 |   154 |    36 ||   610
         Skin              |       |       |     7 |       |     9 |    17 |       |       |       ||    33
  Dodge: Dodged            |    17 |    15 |   226 |   551 |   804 |  1059 |  1769 |  1629 |   417 ||  6487
         Repelled          |       |     2 |     1 |       |     3 |     2 |    17 |    18 |     4 ||    47
  Block: Other             |       |       |       |       |    35 |       |       |       |       ||    35
         Buckler           |       |       |       |       |   335 |   491 |   845 |   884 |   205 ||  2760
         Reflection        |       |       |       |       |       |    34 |    55 |    70 |     1 ||   160

Levels and vault maps discovered:
D:1:      noname_arrival_rooms_in_the_neighbourhood, layout_basic,
          solitary_fountain, dk_noncrumbling_3
D:2:      layout_basic, serial_shops, nicolae_shop_stone, uniq_terence
D:3:      layout_basic, grunt_qazlal_clouds,
          mainiacjoe_overflow_surrounded_room, guppyfry_early_orc_mine,
          uniq_sigmund
D:4:      layout_loops_ring, evilmike_ruin_ashenzari, lemuel_doored_altar,
          minmay_temple_entry_mist
D:5:      layout_cave_pods, marbit_many_paths, minmay_manual_maat
D:6:      layout_cave_pools, lemuel_tele_altar, serial_rivers,
          chequers_serial_rivers_micro_c, chequers_serial_rivers_micro_a,
          chequers_serial_rivers_small_3, chequers_serial_rivers_room_b,
          chequers_serial_rivers_room_b
D:7:      layout_basic, nemelex_diamond_rough_becter, old_standard_altar,
          okawaru_trees_1, amcnicky_altar_gilded,
          lemuel_mausoleum_altar_kikubaaqudgha, uniq_maggie
D:8:      layout_cave_pools, makhleb_grotto_becter,
          nicolae_overflow_hidden_temple, erik_lair_orcish_takeover,
          minmay_orc_keep
D:9:      layout_cave_pools, nzn_overflow_gifts_of_might_and_magic,
          enter_bailey_4, serial_shops, nicolae_shop_rolled_up,
          minmay_misc_feat_nine_boxes, hive_lemuel, uniq_erica
D:10:     layout_loops_corners, hiddenorc2_lemuel, uniq_fannar
D:11:     layout_roguey
D:12:     minmay_elf_outpost, layout_irregular_city, kennysheep_generic_room_4
D:13:     layout_cross
D:14:     layout_roguey, david_vaults_2, minivault_24, serial_shops,
          shop_statue, zin_treasury
D:15:     gammafunk_depths_entry_grave, layout_rooms, fedhas_altar_3,
          uniq_nessos, uniq_kirke
Temple:   corrupted_temple
Lair:1:   layout_layer_cave, basic_altar, st_stairs_11
Lair:2:   layout_misc_corridors, gauntlet_entry_generic,
          ebering_ghost_disaster_area, lemuel_fruit_tree
Lair:3:   layout_gridlike, minmay_shoals_entry_hut,
          nicolae_spider_entry_tight_spaces, grunt_megastairs_3, uniq_rupert
Lair:4:   layout_concentric_octagons, uniq_sonja
Lair:5:   minmay_lair_end_frog_pond, layout_cave_shapes,
          minmay_slime_entry_jelly_boxes, chequers_serial_rivers_marsh,
          st_stairs_4, chequers_serial_rivers_marsh
Shoals:1: layout_shoals, centaur_isle
Shoals:2: layout_shoals, uniq_jorgrun, uniq_donald
Shoals:3: cheibrodos_shoals_three_sisters, layout_shoals, abandoned_shop,
          uniq_polyphemus, uniq_ilsuiw, uniq_nikola
Shoals:4: shoals_end_simple, layout_shoals, nicolae_shoals_abyss_on_the_beach,
          uniq_mara
Spider:1: layout_spider_delve
Spider:2: cheibrodos_spider_deadly_dance, hangedman_spider_tarantella_strand,
          uniq_arachne
Spider:3: layout_spider_delve, uniq_azrael
Spider:4: grunt_spider_rune_circles, uniq_mlioglotl
Orc:1:    layout_caves, serial_shops, shop, uniq_snorg
Orc:2:    st_orc_ogre_mass, layout_diamond_mine
Elf:1:    layout_gridlike, minmay_elf_necromancy, st_stairs_3,
          evilmike_spriggan_trog_shrine, minmay_shop_grove
Elf:2:    nicolae_elf_blades_splatter_lattice [nooodl_blade_entry_preview],
          layout_geoelf_octagon, portal_ice_cave_entry_ugly_swarm,
          nicolae_nh_oracle_at_delphi
Vaults:1: gammafunk_ghost_abyssal_escape, nicolae_vaults_offset_grid_hallway_1,
          nicolae_vaults_twisting_passages, v_misc_8, hangedman_vaults_unwind,
          hangedman_vaults_hat, nicolae_vaults_windows_and_doors_thing,
          nicolae_vaults_shipping_containers_4, vaults_dpeg_emergency_exit,
          nicolae_vaults_wine_cellar, nicolae_vaults_mini_display_case,
          nicolae_vaults_trapezoid_lopsided_1, layout_vaults_maze_snakey
Vaults:2: hangedman_vaults_nails, ontoclasm_vaults_shout,
          nicolae_vaults_little_squares_1, v_pattern_1,
          nicolae_vaults_closet_pinwheel_3, hangedman_vaults_stagger,
          nicolae_vaults_asterisk, v_alt_pattern_3, grunt_vaults_trifunnel,
          nicolae_vaults_theta, nicolae_vaults_closet_pinwheel_4,
          ontoclasm_vaults_decontamination, grunt_vaults_focal,
          nicolae_vaults_layer_cake_slice, layout_vaults_big_room,
          nicolae_trove_entry_crystal, serial_shops, shop, shop_statue,
          nicolae_shop_window_shopping
Vaults:3: nicolae_vaults_network_quinsquares
          [nicolae_vaults_network_quincunx_subvault,
          nicolae_vaults_network_quincunx_subvault,
          nicolae_vaults_network_quincunx_subvault,
          nicolae_vaults_network_quincunx_subvault],
          nicolae_vaults_network_square, nicolae_vaults_mitosis,
          nicolae_vaults_little_squares_2, nicolae_vaults_offset_grid_hallway_1,
          vaults_mumra_hexcomb, nicolae_vaults_trapezoid_1,
          minmay_crypt_entry_nasty_monster, nicolae_vaults_network_s,
          nicolae_vaults_asterisk, nicolae_vaults_storage_closets_2,
          layout_vaults_ring
Vaults:4: mu_enter_wizlab_5, nicolae_vaults_storing_the_good_stuff,
          nicolae_vaults_little_ls, v_misc_23, nicolae_vaults_circle_grid_b,
          vaults_dpeg_encased_lava, nicolae_vaults_shelves_hall,
          nicolae_vaults_little_squares_3, v_misc_23, v_misc_18,
          vaults_room_octagon, ontoclasm_vaults_chip,
          nicolae_vaults_tetromino_L_1, layout_vaults_omnibox
Depths:1: gammafunk_the_bubble [the_bubble_gammafunk_crates], layout_basic,
          marbit_kobold_abyss_entry, kennysheep_pointless_box, hell_entry,
          lemuel_flame_loot_1, uniq_aizul
Depths:2: little_maze_vault, layout_cave_shapes,
          nicolae_hell_entry_big_baal_hell, pan_entry, abyss_entry_flame_altar,
          serial_shops, shop_fountains, gammafunk_ghost_necromancy,
          minmay_variable_closet, kennysheep_flooded_box, uniq_saint_roka,
          uniq_grunn
Depths:3: minmay_octo_star, layout_cave_shapes, enter_ziggurat_d,
          hangedman_decor_points, grunt_metal_band, abyss_entry,
          rand_demon_pan_entry_4, hex_medium,
          hangedman_abyss_or_decor_lesser_grid, nicolae_rare_books
Depths:4: evilmike_zot_entry_diamond, layout_gridlike, grunt_pan_entry_spiral,
          serial_sigils, serial_sigils_hangedman_gut,
          serial_sigils_hangedman_scar, serial_sigils_hangedman_clutch,
          serial_sigils_hangedman_scratch, hell_entry, abyss_entry,
          minmay_misc_feat_tiny, nicolae_ru_awakened_eye, uniq_mennas

Notes
Turn   | Place    | Note
-------+----------+-------------------------------------------
     0 | D:1      | Drazool the Kobold Brigand began the quest for the Orb.
     0 | D:1      | Reached XP level 1. HP: 12/12 MP: 1/1
   186 | D:1      | Reached XP level 2. HP: 12/18 MP: 2/2
   190 | D:1      | Reached skill level 3 in Short Blades
   604 | D:1      | Reached XP level 3. HP: 20/22 MP: 3/3
   607 | D:1      | Reached skill level 2 in Dodging
  1280 | D:2      | Found Boqamoaq's Book Shop.
  1290 | D:2      | Reached XP level 4. HP: 27/27 MP: 4/4
  1332 | D:2      | Noticed Terence
  1340 | D:2      | Killed Terence
  1341 | D:2      | Reached skill level 3 in Fighting
  1341 | D:2      | Reached skill level 6 in Stealth
  1988 | D:3      | Found a stormy altar of Qazlal.
  2091 | D:3      | Noticed an ice beast
  2095 | D:3      | Killed an ice beast
  2096 | D:3      | Reached skill level 4 in Short Blades
  2096 | D:3      | Reached skill level 3 in Dodging
  2096 | D:3      | Reached XP level 5. HP: 32/32 MP: 5/5
  2573 | D:3      | Noticed Sigmund
  2627 | D:3      | Killed Sigmund
  2628 | D:3      | Reached skill level 4 in Fighting
  2628 | D:3      | Reached skill level 5 in Short Blades
  2628 | D:3      | Reached skill level 7 in Stealth
  2628 | D:3      | Reached XP level 6. HP: 34/38 MP: 6/6
  2673 | D:3      | Reached skill level 4 in Dodging
  2886 | D:3      | Found an opulent altar of Gozag.
  3067 | D:4      | Reached XP level 7. HP: 43/43 MP: 7/7
  3305 | D:4      | Found a staircase to the Ecumenical Temple.
  3311 | Temple   | Entered the Ecumenical Temple
  3360 | Temple   | Became a worshipper of Lugonu the Unformed
  3762 | D:4      | Found a broken altar of Ashenzari.
  3958 | D:4      | Found a sacrificial altar of Ru.
  4179 | D:5      | Entered Level 5 of the Dungeon
  4308 | D:5      | Reached skill level 5 in Fighting
  4308 | D:5      | Reached skill level 6 in Short Blades
  4308 | D:5      | Reached skill level 5 in Dodging
  4308 | D:5      | Reached skill level 8 in Stealth
  4308 | D:5      | Reached XP level 8. HP: 42/49 MP: 8/8
  4496 | D:5      | Reached * piety under Lugonu
  4531 | D:5      | Noticed a wyvern
  4636 | D:5      | Killed a wyvern
  4816 | D:5      | Reached skill level 7 in Short Blades
  4816 | D:5      | Reached skill level 6 in Dodging
  4816 | D:5      | Reached skill level 9 in Stealth
  4963 | D:5      | Found a shimmering altar of Xom.
  5527 | D:6      | Reached skill level 6 in Fighting
  5527 | D:6      | Reached XP level 9. HP: 36/55 MP: 9/9
  5964 | D:6      | Reached skill level 7 in Fighting
  6427 | D:6      | Found a basalt altar of Yredelemnul.
  6493 | D:7      | Reached skill level 8 in Short Blades
  6526 | D:7      | Reached skill level 7 in Dodging
  6526 | D:7      | Reached skill level 10 in Stealth
  6537 | D:7      | Found an iron altar of Okawaru.
  6692 | D:7      | Found a hazy altar of Hepliaklqana.
  6864 | D:7      | Reached skill level 8 in Fighting
  6867 | D:7      | Found a glowing silver altar of Zin.
  7078 | D:7      | Noticed Maggie
  7082 | D:7      | Killed Maggie
  7083 | D:7      | Reached XP level 10. HP: 65/65 MP: 10/10
  7165 | D:7      | Found a sparkling altar of Nemelex Xobeh.
  7199 | D:7      | Found an ancient bone altar of Kikubaaqudgha.
  7212 | D:7      | Reached ** piety under Lugonu
  7238 | D:7      | Reached skill level 8 in Dodging
  7238 | D:7      | Reached skill level 1 in Evocations
  7289 | D:7      | Reached skill level 9 in Fighting
  7289 | D:7      | Reached skill level 1 in Invocations
  7374 | D:8      | Reached skill level 11 in Stealth
  7520 | D:7      | Reached skill level 2 in Evocations
  7596 | D:8      | Reached skill level 2 in Invocations
  7712 | D:7      | Reached skill level 9 in Dodging
  7907 | D:8      | Reached skill level 3 in Evocations
  7995 | D:7      | Reached skill level 10 in Fighting
  8050 | D:8      | Reached skill level 3 in Invocations
  8091 | D:8      | Found a shadowy altar of Dithmenos.
  8092 | D:8      | Identified a scroll of acquirement
  8092 | D:8      | Acquired the +2 pair of boots "Reifucki" {Str+5}
  8110 | D:8      | Found a staircase to the Lair.
  8283 | D:8      | Reached *** piety under Lugonu
  8328 | D:8      | Found a burning altar of Makhleb.
  8486 | D:8      | Reached XP level 11. HP: 65/73 MP: 13/13
  8490 | D:8      | Identified the +9 short sword "Purch" {heavy, rElec rN+
                  | Will+ rCorr}
  8615 | D:9      | Found a flagged portal.
  8635 | Bailey   | Entered a bailey
  8702 | Bailey   | Reached skill level 10 in Dodging
  8760 | Bailey   | Identified the ring of Kogaf {rF+ rC+ Str+2}
  8839 | Bailey   | Reached skill level 4 in Evocations
  8871 | Bailey   | Identified the +8 plate armour of Dramatic Exits {rPois rF+
                  | Int-4 Dex+3}
  9081 | D:9      | Noticed Erica
  9097 | D:9      | Reached skill level 12 in Stealth
  9113 | D:9      | Killed Erica
  9113 | D:9      | Reached **** piety under Lugonu
  9114 | D:9      | Reached skill level 4 in Invocations
  9160 | D:8      | Reached skill level 11 in Fighting
  9233 | D:9      | Reached skill level 5 in Evocations
  9245 | D:9      | Reached skill level 11 in Dodging
  9527 | D:8      | Reached skill level 5 in Invocations
  9667 | D:9      | Found a bloodstained altar of Trog.
  9676 | D:9      | Found a shimmering blue altar of Sif Muna.
  9681 | D:9      | Got Sif Muna's Folio of the Serac
  9798 | D:9      | Found Tiogyfou's Magic Scroll Shop.
  9801 | D:9      | Bought a scroll of identify for 28 gold pieces
  9801 | D:9      | Bought a scroll of enchant weapon for 105 gold pieces
  9801 | D:9      | Bought a scroll of identify for 28 gold pieces
 10018 | D:9      | Upgraded the game from 0.31-a0-202-g547052bce9 to
                  | 0.31-a0-204-g7da18cac08
 10038 | D:10     | Entered Level 10 of the Dungeon
 10070 | D:10     | Noticed a soul eater
 10141 | D:10     | Learned a level 2 spell: Ensorcelled Hibernation
 10169 | D:10     | Noticed a sixfirhy
 10172 | D:10     | Reached XP level 12. HP: 51/81 MP: 16/16
 10287 | D:10     | Reached skill level 1 in Hexes
 10287 | D:10     | Reached skill level 1 in Ice Magic
 10349 | D:10     | Found a staircase to the Orcish Mines.
 10372 | D:10     | Reached ***** piety under Lugonu
 10407 | D:10     | Reached skill level 12 in Dodging
 10471 | D:10     | Reached skill level 9 in Short Blades
 10527 | D:10     | Noticed Fannar
 10531 | D:10     | Killed Fannar
 10982 | D:10     | Reached skill level 2 in Ice Magic
 10984 | D:10     | Reached skill level 2 in Hexes
 10997 | D:10     | Reached skill level 6 in Invocations
 11552 | Lair:1   | Entered Level 1 of the Lair of Beasts
 11574 | Lair:1   | Reached skill level 10 in Short Blades
 11630 | Lair:1   | Reached skill level 3 in Hexes
 11630 | Lair:1   | Reached skill level 3 in Ice Magic
 11750 | Lair:1   | Found a bloodstained altar of Trog.
 11945 | Lair:1   | Reached skill level 7 in Invocations
 11958 | Lair:1   | Reached skill level 4 in Ice Magic
 11964 | Lair:1   | Reached skill level 4 in Hexes
 12257 | Lair:1   | Reached XP level 13. HP: 85/85 MP: 18/18
 12270 | Lair:1   | Reached skill level 13 in Dodging
 12855 | Lair:2   | Found a gate leading to a gauntlet.
 12861 | Gauntlet | Entered a Gauntlet
 12861 | Gauntlet | Found a transporter.
 12870 | Gauntlet | Found a transporter.
 12890 | Gauntlet | Found a transporter.
 12903 | Gauntlet | Found a transporter.
 12924 | Gauntlet | Found a transporter.
 12949 | Gauntlet | Found a transporter.
 12958 | Gauntlet | Found a runed translucent gate.
 12959 | Gauntlet | Found a transporter.
 12963 | Gauntlet | Found a runed translucent gate.
 12963 | Gauntlet | Found a runed translucent gate.
 12979 | Gauntlet | Found a transporter.
 12999 | Gauntlet | Found a transporter.
 13013 | Gauntlet | Found a transporter.
 13119 | Gauntlet | Noticed a blizzard demon
 13232 | Gauntlet | Found a transporter.
 13232 | Gauntlet | Found a transporter.
 13251 | Gauntlet | Found a transporter.
 13254 | Gauntlet | Found a transporter.
 13271 | Gauntlet | Reached skill level 5 in Hexes
 13271 | Gauntlet | Reached skill level 5 in Ice Magic
 13329 | Gauntlet | Reached skill level 8 in Invocations
 13354 | Gauntlet | Identified the amulet of Idewauwk {Reflect Int+3 Dex+2
                  | SH+5}
 13447 | Gauntlet | Noticed a minotaur
 13457 | Gauntlet | Killed a minotaur
 13535 | Lair:2   | Found a large runed translucent door.
 13538 | Lair:2   | Found a large runed translucent door.
 13687 | Lair:2   | Reached skill level 9 in Invocations
 13813 | Lair:2   | Reached skill level 14 in Dodging
 14120 | Lair:2   | Noticed Poirhunoest's ghost (journeyman HuSu)
 14141 | Lair:3   | Noticed an eight-headed hydra
 14241 | Lair:3   | Killed a four-headed hydra
 14301 | Lair:3   | Found a hole to the Spider Nest.
 14704 | Lair:3   | Reached skill level 10 in Invocations
 14737 | Lair:3   | Reached ****** piety under Lugonu
 14859 | Lair:3   | Reached skill level 13 in Stealth
 14869 | Lair:3   | Reached skill level 12 in Fighting
 14993 | Lair:3   | Noticed a five-headed hydra
 15005 | Lair:3   | Killed a one-headed hydra
 15082 | Lair:3   | Found a staircase to the Shoals.
 15263 | Lair:3   | Noticed Rupert
 15701 | Lair:4   | Reached XP level 14. HP: 92/92 MP: 21/21
 15747 | Lair:4   | Reached skill level 15 in Dodging
 15800 | Lair:4   | Reached skill level 14 in Stealth
 15873 | Lair:4   | Reached skill level 13 in Fighting
 16065 | Lair:4   | Noticed Sonja
 16069 | Lair:4   | Killed Sonja
 16070 | Lair:4   | Reached skill level 15 in Stealth
 16323 | Lair:5   | Entered Level 5 of the Lair of Beasts
 16635 | Lair:5   | Reached skill level 16 in Stealth
 16728 | Lair:5   | Reached skill level 14 in Fighting
 17008 | Lair:5   | HP: 7/96 [six-headed hydra (11)]
 17145 | Lair:5   | Reached skill level 16 in Dodging
 17349 | Lair:5   | Reached skill level 17 in Stealth
 17409 | Lair:5   | Found a staircase to the Slime Pits.
 17410 | Lair:5   | Found a viscous altar of Jiyva.
 17468 | Lair:4   | Reached XP level 15. HP: 72/101 MP: 22/22
 17978 | Lair:4   | Reached skill level 15 in Fighting
 18180 | Lair:5   | Found the +4 moon troll leather armour {Spirit, Regen++
                  | MP+5}
 18207 | Lair:5   | Identified the +3 leather armour of Xilegu Qicunk {Will+
                  | Dex+3}
 18759 | Lair:3   | Paralysed by Rupert for 4 turns
 18784 | Lair:3   | Banished Rupert
 18785 | Lair:3   | Reached skill level 18 in Stealth
 19087 | Lair:3   | Found a hole to the Spider Nest.
 19489 | Lair:3   | Found a staircase to the Shoals.
 19765 | Orc:1    | Entered Level 1 of the Orcish Mines
 19769 | Orc:1    | Noticed an orc warlord
 19792 | D:10     | Banished an orc warlord
 20230 | Orc:1    | Found Bakieth's Assorted Antiques.
 20236 | Orc:1    | Identified a potion of resistance
 20243 | Orc:1    | Reached skill level 1 in Armour
 20287 | Orc:1    | Noticed Snorg
 20289 | Orc:1    | Killed Snorg
 20462 | Orc:2    | Entered Level 2 of the Orcish Mines
 20492 | Orc:2    | Found a staircase to the Elven Halls.
 20561 | Orc:2    | Reached skill level 2 in Armour
 21310 | Orc:2    | Reached skill level 3 in Armour
 21627 | Orc:2    | Reached skill level 4 in Armour
 21783 | Orc:2    | Paralysed by an ogre mage for 3 turns
 22201 | Orc:2    | Reached skill level 6 in Hexes
 22201 | Orc:2    | Reached skill level 6 in Ice Magic
 22370 | Orc:2    | Reached XP level 16. HP: 108/108 MP: 16/23
 22774 | Orc:2    | Found Benut's Weapon Shoppe.
 22774 | Orc:2    | Found Xann's General Store.
 22775 | Orc:2    | Found Fivenk's Weapon Boutique.
 22775 | Orc:2    | Found Izoyzik's Book Shoppe.
 22783 | Orc:2    | Bought a scroll of identify for 30 gold pieces
 23039 | D:11     | Identified the +2 leather armour of Parts Unknown {Harm
                  | rN+}
 23111 | D:11     | Reached skill level 7 in Hexes
 23111 | D:11     | Reached skill level 7 in Ice Magic
 23858 | D:12     | Identified the +4 scale mail of Feasting {Contam Harm Str+3
                  | Dex+4}
 23969 | D:12     | Identified the +3 spear "Vaerph" {heavy, rElec Int+4}
 24196 | D:12     | Reached skill level 17 in Dodging
 24633 | D:12     | Reached skill level 19 in Stealth
 26321 | D:14     | Found a gate to the Vaults.
 26427 | D:14     | Reached skill level 20 in Stealth
 26572 | D:14     | Reached skill level 18 in Dodging
 26611 | D:14     | Paralysed by a floating eye for 4 turns
 26731 | D:14     | Found Tuvuom's Weapon Shoppe.
 27361 | D:14     | Found a glowing silver altar of Zin.
 27439 | D:15     | Entered Level 15 of the Dungeon
 27446 | D:15     | Noticed Kirke
 27466 | D:15     | Banished Kirke
 27644 | D:15     | Reached XP level 17. HP: 113/113 MP: 24/24
 27804 | D:15     | Found a staircase to the Depths.
 27955 | D:15     | Reached skill level 21 in Stealth
 28094 | D:15     | Found a blossoming altar of Fedhas.
 28179 | D:15     | Reached skill level 19 in Dodging
 28315 | D:15     | Noticed Nessos
 28319 | D:15     | Killed Nessos
 28537 | Spider:1 | Entered Level 1 of the Spider Nest
 29599 | Spider:1 | Reached skill level 22 in Stealth
 30242 | Spider:2 | Noticed Arachne
 30244 | Spider:2 | Banished Arachne
 30356 | Spider:2 | Reached skill level 20 in Dodging
 31244 | Spider:2 | Found a runed translucent door.
 31333 | Spider:2 | Reached skill level 23 in Stealth
 31353 | Spider:2 | Reached XP level 18. HP: 119/119 MP: 25/25
 31422 | Spider:2 | Identified the +1 chain mail of Inaction {Harm *Slow rPois
                  | rC+}
 31432 | Spider:2 | Identified the +4 scale mail of Cidasuge {+Blink rF- rCorr
                  | Stlth+}
 32177 | Spider:3 | Noticed Azrael
 32178 | Spider:3 | Banished Azrael
 32416 | Spider:3 | Reached skill level 21 in Dodging
 32646 | Shoals:1 | Entered Level 1 of the Shoals
 32987 | Shoals:1 | Identified the +5 long sword of Tegrehe {protect, Fragile
                  | Int+8}
 33426 | Shoals:1 | Reached skill level 11 in Invocations
 34124 | Shoals:2 | Reached skill level 24 in Stealth
 34381 | Shoals:2 | Noticed Donald
 34385 | Shoals:2 | Killed Donald
 34558 | Shoals:2 | Noticed Jorgrun
 34579 | Shoals:2 | Banished Jorgrun
 35306 | Shoals:3 | Noticed Nikola
 35309 | Shoals:3 | Noticed Polyphemus
 35533 | Shoals:3 | Reached skill level 12 in Invocations
 35582 | Shoals:3 | Killed Polyphemus
 35689 | Shoals:3 | Noticed Ilsuiw
 35701 | Shoals:2 | Reached XP level 19. HP: 124/124 MP: 28/28
 36129 | Shoals:3 | Reached skill level 13 in Invocations
 36668 | Shoals:3 | Killed Ilsuiw
 36740 | Shoals:3 | Identified the +7 chain mail of a wizard's laboratory {Harm
                  | rF- Str+3}
 36794 | Shoals:3 | Reached skill level 14 in Invocations
 37279 | Shoals:3 | Banished Nikola
 37547 | Spider:4 | Entered Level 4 of the Spider Nest
 37616 | Spider:4 | Noticed Mlioglotl
 37620 | Spider:4 | Killed Mlioglotl
 37831 | Spider:4 | Reached skill level 15 in Invocations
 38049 | Spider:4 | Identified the +0 pair of gloves of Dramatic Exits
                  | {*Corrode rC++ Will+ Regen+ Str-2}
 38843 | Spider:4 | Reached skill level 16 in Invocations
 39455 | Spider:4 | Got a gossamer rune of Zot
 39558 | Spider:4 | Identified the +0 hat of Immorality {Contam rPois Int+3}
 39561 | Spider:4 | Identified the +2 pair of boots of Depression {rC+ rN+
                  | Dex-3}
 39660 | Spider:4 | Reached XP level 20. HP: 130/130 MP: 29/32
 39664 | Spider:4 | Learned a level 3 spell: Tukima's Dance
 39831 | Shoals:4 | Entered Level 4 of the Shoals
 39836 | Shoals:4 | Reached skill level 17 in Invocations
 39883 | Shoals:4 | Found a runed translucent door.
 39949 | Shoals:4 | Identified the +0 plate armour of Quantum Leap {rPois Str-5
                  | SInv}
 40106 | Shoals:4 | Noticed Mara
 40110 | Shoals:4 | Killed Mara
 40434 | Shoals:4 | Got a barnacled rune of Zot
 40795 | Shoals:4 | Identified the +3 whip of Destiny {flame, rC+++ rCorr
                  | Dex-4}
 40992 | Shoals:4 | Identified the ring "Veoluoz" {rPois rCorr}
 41413 | Shoals:4 | Found a corrupted altar of Lugonu.
 41625 | Elf:1    | Entered Level 1 of the Elven Halls
 41944 | Elf:1    | Found a bloodstained altar of Trog.
 42041 | Elf:1    | HP: 13/130 [spriggan berserker/+0 broad axe (11)]
 42327 | Elf:1    | Reached skill level 8 in Hexes
 42734 | Elf:1    | Reached skill level 18 in Invocations
 43018 | Elf:1    | Got the Quarto of Bodies
 43040 | Elf:1    | Found Fiaqegu's Book Shop.
 43040 | Elf:1    | Found Ruam Baa's Book Shop.
 43041 | Elf:1    | Found Ziceshroixt's Jewellery Emporium.
 43111 | Elf:2    | Reached skill level 22 in Dodging
 43132 | Elf:2    | Found a frozen archway.
 43327 | Elf:2    | Got the Catalogue of Degeneration
 43347 | IceCv    | Entered an ice cave
 43537 | IceCv    | Reached skill level 25 in Stealth
 43749 | IceCv    | Identified a +0 crystal plate armour of cold resistance
 43856 | IceCv    | Reached XP level 21. HP: 135/135 MP: 34/34
 44226 | IceCv    | Identified a +2 leather armour of resistance
 44231 | IceCv    | Got the Cyclopedia of Ensorcelling and the Comitatus
 44479 | Elf:1    | Reached skill level 9 in Hexes
 44774 | Elf:2    | Found The Oracle's Delphic Readings.
 44871 | Elf:2    | Found a runed translucent gate.
 44871 | Elf:2    | Found a runed translucent gate.
 44872 | Elf:2    | Found a runed translucent gate.
 45231 | Elf:2    | Reached skill level 19 in Invocations
 46467 | Vaults:1 | Entered Level 1 of the Vaults
 46899 | Vaults:1 | Found a transporter.
 47072 | Vaults:1 | Found a transporter.
 47237 | Vaults:1 | Reached skill level 10 in Hexes
 47936 | Vaults:1 | Reached XP level 22. HP: 140/140 MP: 35/35
 47961 | Vaults:1 | Reached skill level 20 in Invocations
 48253 | Vaults:1 | Reached skill level 26 in Stealth
 48441 | Vaults:1 | Upgraded the game from 0.31-a0-204-g7da18cac08 to
                  | 0.31-a0-208-gdb31a4691d
 48934 | Vaults:2 | Found Egaej's Armour Emporium.
 49634 | Vaults:2 | Reached skill level 27 in Stealth
 49668 | Vaults:2 | Reached skill level 23 in Dodging
 49709 | Vaults:2 | Found a portal to a secret trove of treasure.
 49743 | Vaults:2 | Found Taene's Jewellery Shop.
 49984 | Vaults:2 | Found Utus's Book Boutique.
 50098 | Vaults:3 | Noticed a bone dragon
 50105 | Vaults:3 | Banished a bone dragon
 50339 | Vaults:3 | Found a staircase to the Crypt.
 50521 | Vaults:3 | Reached skill level 11 in Short Blades
 52327 | Vaults:3 | You are cast into the Abyss!
 52327 | Abyss:2  | Found a corrupted altar of Lugonu.
 52327 | Abyss:2  | Cast into level 2 of the Abyss (a wizard)
 52328 | Vaults:3 | You pass through the gate.
 52328 | Vaults:3 | Escaped the Abyss
 52651 | Vaults:4 | Found a magical portal.
 52657 | WizLab   | Entered Eringya's Formal Garden
 52819 | WizLab   | Reached skill level 12 in Short Blades
 52841 | WizLab   | Reached XP level 23. HP: 138/145 MP: 35/37
 53129 | WizLab   | Reached skill level 21 in Invocations
 53198 | WizLab   | Identified a +6 demon blade of distortion (a +4 demon blade
                  | of electrocution corrupted by Lugonu)
 53198 | WizLab   | Received a gift from Lugonu
 53381 | WizLab   | Paralysed by a fenstrider witch for 4 turns
 53394 | WizLab   | Paralysed by a fenstrider witch for 3 turns
 53528 | WizLab   | Found a blossoming altar of Fedhas.
 53598 | WizLab   | Reached skill level 1 in Long Blades
 53835 | Vaults:4 | Reached skill level 2 in Long Blades
 53964 | Vaults:4 | Reached skill level 24 in Dodging
 54161 | Vaults:4 | Reached skill level 3 in Long Blades
 54717 | Vaults:4 | Identified the ring "Vyti" {rElec rC+ Str+6}
 54875 | Vaults:4 | Identified the +1 leather armour of Dim Light {Drain rElec
                  | Dex+5 SInv}
 54887 | Vaults:4 | Reached skill level 4 in Long Blades
 54891 | Vaults:4 | Identified the ring of the Water Diviner {Contam rF++ AC+4
                  | Str+4}
 54907 | Vaults:4 | Identified the +8 hand axe of Bicor {freeze, rElec rN+}
 55084 | Depths:1 | Entered Level 1 of the Depths
 55108 | Depths:1 | Found a one-way gate to the infinite horrors of the Abyss.
 55116 | Depths:1 | Voluntarily entered the Abyss.
 55123 | Depths:1 | You pass through the gate.
 55123 | Depths:1 | Escaped the Abyss
 55260 | Depths:1 | Voluntarily entered the Abyss.
 55304 | Abyss:2  | Killed Rupert
 55313 | Depths:1 | You pass through the gate.
 55313 | Depths:1 | Escaped the Abyss
 55352 | Depths:1 | Voluntarily entered the Abyss.
 55462 | Abyss:2  | Found a corrupted altar of Lugonu.
 55552 | Abyss:2  | Killed Kirke
 55587 | Depths:1 | You pass through the gate.
 55587 | Depths:1 | Escaped the Abyss
 55971 | Depths:1 | Reached skill level 5 in Long Blades
 56052 | Depths:1 | Noticed Aizul
 56057 | Depths:1 | Killed Aizul
 56066 | Depths:1 | Found a transporter.
 56067 | Depths:1 | Noticed a golden dragon
 56086 | Depths:1 | Found a gateway to Hell.
 56161 | Depths:1 | Noticed a juggernaut
 56180 | Depths:1 | Found a transporter.
 56274 | Depths:1 | Reached XP level 24. HP: 151/151 MP: 37/37
 56652 | Depths:1 | Voluntarily entered the Abyss.
 56700 | Abyss:2  | Killed Jorgrun
 56701 | Abyss:2  | Reached skill level 22 in Invocations
 56733 | Abyss:2  | Gained mutation: Your magical capacity is low. (-10% MP) [a
                  | neqoxec]
 56736 | Abyss:2  | Gained mutation: You are dopey. (Int -2) [a neqoxec]
 56791 | Depths:1 | You pass through the gate.
 56791 | Depths:1 | Escaped the Abyss
 57093 | Depths:2 | Found Kanesiso's Assorted Antiques.
 57098 | Depths:2 | Bought a potion of invisibility for 336 gold pieces
 57098 | Depths:2 | Bought a scroll of fear for 168 gold pieces
 57098 | Depths:2 | Bought a wand of mindburst (2) for 117 gold pieces
 57274 | Depths:2 | Found a runed translucent gate.
 57274 | Depths:2 | Found a runed translucent gate.
 57274 | Depths:2 | Found a runed translucent gate.
 57275 | Depths:2 | Noticed a dread lich
 57452 | Depths:2 | Noticed a juggernaut
 57485 | Depths:2 | Killed a juggernaut
 57486 | Depths:2 | Reached skill level 6 in Long Blades
 57692 | Depths:2 | Reached skill level 25 in Dodging
 57704 | Depths:2 | HP: 9/151 [living spell/divine providence[a walking divine
                  | tome] (7)]
 58751 | Depths:2 | Reached skill level 7 in Long Blades
 58840 | Depths:1 | Voluntarily entered the Abyss.
 58964 | Abyss:2  | Found a corrupted altar of Lugonu.
 58974 | Abyss:2  | Found a corrupted altar of Lugonu.
 59087 | Abyss:2  | Found a corrupted altar of Lugonu.
 59089 | Abyss:2  | Found a corrupted altar of Lugonu.
 59089 | Abyss:2  | Found a corrupted altar of Lugonu.
 59143 | Abyss:2  | Killed Azrael
 59146 | Abyss:2  | Found a corrupted altar of Lugonu.
 59146 | Abyss:2  | Found a corrupted altar of Lugonu.
 59146 | Abyss:2  | Found a corrupted altar of Lugonu.
 59311 | Depths:1 | You pass through the gate.
 59311 | Depths:1 | Escaped the Abyss
 59359 | Depths:1 | Voluntarily entered the Abyss.
 59411 | Abyss:3  | Banished Nikola
 59549 | Abyss:3  | Banished Nikola
 59583 | Abyss:3  | Killed Arachne
 59644 | Abyss:3  | Found a glowing golden altar of the Shining One.
 59668 | Abyss:3  | Paralysed by accursed screaming for 2 turns
 59674 | Abyss:3  | Paralysed by accursed screaming for 2 turns
 59683 | Abyss:3  | Paralysed by accursed screaming for 2 turns
 59712 | Abyss:3  | Noticed a juggernaut
 59770 | Abyss:3  | Got an abyssal rune of Zot
 59771 | Depths:1 | You pass through the gate.
 59771 | Depths:1 | Escaped the Abyss
 59922 | Vaults:2 | You showed the abyssal rune of Zot to enter a treasure
                  | trove
 59923 | Trove    | Entered a treasure trove
 59931 | Trove    | Identified the ring of Wunisaed {+Blink rPois Dex+6 Stlth-}
 59933 | Trove    | Identified the amulet "Eroc Ochol" {Spirit Int+2}
 59937 | Trove    | Identified the ring of Veecw {rF+ MP+9}
 59939 | Trove    | Identified the amulet of Accord {RegenMP rC- Int+2 SInv}
 59944 | Trove    | Identified the ring of Balance {Contam rC- rCorr Int+8
                  | Slay+2}
 59946 | Trove    | Identified the amulet "Pegaj" {rF++ Regen+}
 60312 | Depths:2 | Reached skill level 8 in Long Blades
 60421 | Depths:2 | Reached skill level 23 in Invocations
 60443 | Depths:2 | Reached XP level 25. HP: 156/156 MP: 34/34
 60690 | Depths:2 | Identified the ring "Roplit" {Int+4 SInv}
 60695 | Depths:2 | Identified the +0 chain mail of Rontoufup {+Inv Dex+2}
 60754 | Depths:2 | Found the +3 pair of seven-league boots {Rampage+∞}
 60760 | Depths:2 | Identified the +8 dagger "Xuko" {freeze, Int+3}
 60762 | Depths:2 | Identified the +1 dagger "Lih Sifa" {drain, rF- Int+3}
 61450 | Depths:2 | Noticed Cakioj's ghost (veteran DjCj)
 61452 | Depths:2 | Noticed an ancient lich
 61781 | Depths:3 | Noticed a juggernaut
 61785 | Depths:3 | Killed a juggernaut
 61804 | Depths:3 | Reached skill level 26 in Dodging
 62268 | Depths:3 | Reached skill level 9 in Long Blades
 62334 | Depths:3 | Identified the +7 arbalest "Haunt" {freeze, Int+3}
 62406 | Depths:3 | Found a one-way gateway to a ziggurat.
 62511 | Depths:3 | Found a one-way gate leading to the halls of Pandemonium.
 62537 | Depths:3 | Identified the +6 battleaxe "Anaom" {freeze, rElec}
 62861 | Depths:3 | Identified the +11 orcbow of Qick {flame, *Corrode rPois
                  | rN+}
 62902 | Depths:3 | Found Ytohi's One-of-a-Kind Books.
 63070 | Depths:4 | Entered Level 4 of the Depths
 63729 | Depths:4 | Noticed Mennas
 63739 | Depths:4 | HP: 15/151 [poisoned by a green draconian (poison gas)]
 63741 | Depths:4 | HP: 5/151 [Mennas/+0 sacred scourge of holy wrath (5)]
 63741 | Depths:4 | HP: 2/151 [Mennas/+0 sacred scourge of holy wrath (3)]
 63746 | Depths:3 | HP: 3/151 [poisoned by a green draconian (poison gas)]
 63747 | Depths:3 | Slain by Mennas

Vanquished Creatures
  Mara (Shoals:4)
  2 juggernauts
  A golden dragon (Depths:4)
  Arachne (Abyss:3)
  Jorgrun (Abyss:2)
  Mlioglotl (Spider:4)
  Rupert (Abyss:2)
  A tentacled monstrosity (Depths:2)
  A titan (Depths:2)
  2 walking earthen tomes
  3 liches
  2 deep elf master archers (WizLab)
  A walking divine tome (Depths:1)
  Polyphemus (Shoals:3)
  2 sphinxes
  4 tentacled starspawn
  3 tengu reavers
  2 storm dragons
  Donald (Shoals:2)
  4 shadow dragons
  A thorn hunter (WizLab)
  4 fire giants
  2 fenstrider witches (WizLab)
  Kirke (Abyss:2)
  A draconian monk (Depths:4)
  Ilsuiw (Shoals:3)
  10 vault wardens
  5 frost giants
  An angel (Abyss:3)
  A ghost moth (Spider:4)
  3 emperor scorpions
  2 spriggan defenders
  An orc warlord (Vaults:2)
  Aizul (Depths:1)
  9 stone giants
  10 ironbound preservers
  14 very ugly things
  9 ironbound thunderhulks
  2 ophanim (Abyss:3)
  A vampire knight (Depths:4)
  A deep elf demonologist (Vaults:4)
  2 eleionomae (WizLab)
  A war gargoyle (Vaults:4)
  A black draconian (Depths:4)
  Nessos (D:15)
  Azrael (Abyss:2)
  A minotaur (Gauntlet)
  5 dire elephants
  11 spark wasps
  A red draconian (Abyss:3)
  Snorg (Orc:1)
  4 fire dragons
  A deep elf death mage (Elf:1)
  4 merfolk impalers
  6 merfolk javelineers
  A shambling mangrove (WizLab)
  7 yaktaur captains
  2 entropy weavers
  4 jiangshi
  8 great orbs of eyes
  8 ettins
  Fannar (D:10)
  10 hydras
  A caustic shrike simulacrum (Depths:1)
  4 ice dragons
  2 rakshasas (Depths:2)
  A catoblepas (Lair:4)
  2 merfolk avatars
  2 ogre magi
  15 centaur warriors
  A peacekeeper (Vaults:4)
  2 radroaches (Spider:4)
  A jorogumo (Spider:1)
  A spriggan air mage (Depths:2)
  Erica (D:9)
  7 ironbound frosthearts
  3 deep troll shamans
  22 two-headed ogres
  23 dancing weapons
  5 death yaks
  6 satyrs
  4 boulder beetles
  8 merfolk aquamancers
  3 demonic crawlers
  A two-headed ogre (shapeshifter) (D:14)
  8 spriggan berserkers
  6 tengu warriors
  2 vampire magi
  A naga sharpshooter (WizLab)
  3 deep troll earth magi
  A thrashing horror (Abyss:2)
  8 hell knights
  9 deep elf knights
  An iron troll (Depths:4)
  A fire crab (Gauntlet)
  A sun moth (Spider:4)
  Sonja (Lair:4)
  7 skysharks
  5 spriggans
  4 skeletal warriors
  A wretched star (Abyss:3)
  5 pharaoh ants
  2 sixfirhies
  12 large abominations
  18 sea snakes
  22 deep trolls
  3 flayed ghosts
  10 wizards
  2 cherubim (Abyss:3)
  2 glowing orange brains
  7 orb spiders
  10 deep elf archers
  6 steelbarb worms
  7 necromancers
  2 phantasmal warriors
  9 ironbound convokers
  5 harpies
  5 orc knights
  4 oklob plants (WizLab)
  19 deep elf pyromancers
  14 deep elf zephyrmancers
  7 lindwurms (Vaults:1)
  7 wolf spiders
  17 fauns
  2 worldbinders (Abyss:3)
  2 orc sorcerers
  42 ugly things
  14 manticores
  4 frost giant zombies
  6 cyclopes
  2 moths of wrath
  An elephant (Lair:5)
  A moth of wrath (shapeshifter) (Abyss:3)
  6 black mambas
  14 merfolk sirens
  An apocalypse crab (Shoals:4)
  4 torpor snails
  2 water nymphs
  11 vault sentinels
  A dire elephant skeleton (Abyss:2)
  2 gargoyles
  2 unseen horrors (D:11)
  A guardian serpent (Abyss:3)
  16 cane toads
  A smoke demon (Abyss:3)
  3 efreet
  Maggie (D:7)
  An elf zombie (Vaults:4)
  7 kobold demonologists
  A minotaur zombie (Gauntlet)
  9 komodo dragons
  38 yaktaurs
  18 rime drakes
  3 tengu conjurers
  A yaktaur skeleton (Vaults:4)
  4 trolls
  4 meliai
  17 merfolk
  2 wind drakes (Shoals:4)
  14 polar bears
  5 raiju
  36 tarantellas
  18 blink frogs
  A tyrant leech (Lair:5)
  6 hornets
  A spriggan zombie (D:15)
  4 snapping turtles
  7 dream sheep
  A human simulacrum (Vaults:4)
  28 slime creatures
  15 culicivoras
  27 jumping spiders
  Sigmund (D:3)
  13 water elementals
  An ettin zombie (D:15)
  9 small abominations
  73 yaks
  4 air elementals
  2 wraiths
  A ynoxinul (D:9)
  A shadow (D:12)
  6 wyverns
  A vampire (Abyss:3)
  9 fire elementals
  A fire bat (Gauntlet)
  An ettin skeleton (Abyss:2)
  A neqoxec (Abyss:2)
  4 hogs (D:15)
  3 basilisks
  A chaos spawn (Abyss:2)
  49 redbacks
  7 vampire mosquitoes
  A redback (shapeshifter) (Vaults:4)
  A steam dragon (D:8)
  2 acid dragons
  4 wargs
  12 water moccasins
  A floating eye (shapeshifter) (D:14)
  10 hell hounds
  23 orc warriors
  A black bear (shapeshifter) (D:14)
  An ice beast (D:3)
  2 sky beasts (D:7)
  25 ogres
  10 wolves
  A boggart (Vaults:3)
  A human skeleton (Vaults:4)
  11 centaurs
  A phantom (D:6)
  10 kobold brigands
  17 bullfrogs
  A wyvern zombie (D:7)
  5 scorpions
  4 wights (D:7)
  6 killer bees (D:7)
  An electric eel (Spider:1)
  2 howler monkeys (D:7)
  A crimson imp (D:8)
  2 centaur zombies (D:7)
  3 human zombies
  17 jellies
  A quasit (Abyss:3)
  3 hounds
  16 orc priests
  20 starcursed masses
  2 iron imps
  5 sleepcaps
  21 orc wizards
  Terence (D:2)
  2 iguanas (D:6)
  2 killer bee zombies (D:7)
  2 mummies (D:7)
  A gnoll (Bailey)
  6 adders
  A shadow imp (D:5)
  A white imp (D:5)
  2 ufetubi
  2 dart slugs
  99 orcs
  6 endoplasms
  5 giant cockroaches
  12 goblins
  12 hobgoblins
  34 kobolds
  5 quokkas
  5 ball pythons
  3 bats
  2 frilled lizards (D:1)
  5 rats
  5 starspawn tentacles (Abyss:2)
1617 creatures vanquished.

Vanquished Creatures (collateral kills)
  A fenstrider witch (WizLab)
  An eleionoma (WizLab)
  2 dancing weapons (Spider:2)
  A naga sharpshooter (WizLab)
  A hell knight (Depths:3)
  A deep elf archer (Elf:2)
  A yaktaur (WizLab)
  A jumping spider (Spider:3)
9 creatures vanquished.

Vanquished Creatures (others)
  A deep elf master archer (WizLab)
  A centaur warrior (D:13)
  A merfolk aquamancer (Shoals:4)
  A wolf spider (Spider:3)
  2 deep elf pyromancers
  A rime drake (IceCv)
  A yaktaur (D:15)
  A hornet (shapeshifter) (Depths:2)
  2 merfolk
  3 tarantellas
  A polar bear (IceCv)
  A golden eye (Abyss:2)
  3 starcursed masses (Abyss:2)
  A chaos spawn (Abyss:2)
  4 dancing weapons
  A kobold brigand (D:10)
  A glowing shapeshifter simulacrum (Depths:1)
  An orc wizard (Depths:2)
  A white imp (Abyss:2)
  16 starspawn tentacles
44 creatures vanquished.

Grand Total: 1670 creatures vanquished

Table legend: (Time is in decaauts)
 A = Elapsed time spent in this place.
 B = Non-inter-level travel time spent in this place.
 C = Inter-level travel time spent in this place.
 D = Time resting spent in this place.
 E = Time spent auto-exploring this place.
 F = Levels seen in this place.
 G = Mean time per level.
                   A        B        C        D        E       F      G
               +--------+--------+--------+--------+--------+-----+--------+
         Total |  61057 |  56477 |   4580 |   5305 |  34214 |  54 | 1130.7 |
       Dungeon |  17208 |  15490 |   1718 |   1187 |  10636 |  15 | 1147.2 |
        Temple |     62 |     49 |     13 |      0 |     26 |   1 |   62.0 |
          Lair |   8043 |   7259 |    784 |    701 |   4583 |   5 | 1608.6 |
        Shoals |   6311 |   5876 |    435 |    459 |   4021 |   4 | 1577.8 |
   Spider Nest |   5761 |   5458 |    303 |    640 |   3144 |   4 | 1440.2 |
  Orcish Mines |   2963 |   2877 |     86 |    983 |   1150 |   2 | 1481.5 |
   Elven Halls |   3225 |   3045 |    180 |    137 |   1683 |   2 | 1612.5 |
        Vaults |   6843 |   6228 |    615 |    124 |   4059 |   4 | 1710.8 |
        Depths |   6439 |   5996 |    443 |    796 |   3391 |   4 | 1609.8 |
         Abyss |   1293 |   1293 |      0 |      2 |    387 |   8 |  161.6 |
         Trove |     50 |     50 |      0 |      0 |      2 |   1 |   50.0 |
        Bailey |    411 |    411 |      0 |     31 |    114 |   1 |  411.0 |
      Ice Cave |    860 |    860 |      0 |     42 |    338 |   1 |  860.0 |
        Wizlab |    945 |    945 |      0 |    112 |    418 |   1 |  945.0 |
      Gauntlet |    636 |    636 |      0 |     90 |    261 |   1 |  636.0 |
               +--------+--------+--------+--------+--------+-----+--------+

Top non-repeatable levels by time:
  Lair:3: 3249 daAuts
Depths:2: 2284 daAuts
Vaults:1: 2074 daAuts
Depths:1: 1987 daAuts
    D:10: 1876 daAuts
   Elf:2: 1875 daAuts
Spider:4: 1847 daAuts
Shoals:3: 1791 daAuts
Vaults:3: 1718 daAuts
Vaults:2: 1627 daAuts
   Orc:2: 1599 daAuts
Shoals:4: 1588 daAuts
Shoals:2: 1567 daAuts
Depths:3: 1536 daAuts
    D:14: 1506 daAuts

Table legend:
 A = Non-vault XP
 B = Vault XP
 C = Vault XP percentage of total XP
 D = Non-vault monster count
 E = Vault monster count
 F = Vault count percentage of total count
                 A         B        C        D         E       F
            +---------+---------+-------+---------+---------+-------
      Total |  497468 |  396580 |  44.4 |    1187 |     698 |  37.0
            +---------+---------+-------+---------+---------+-------
        D:1 |      47 |       0 |   0.0 |      28 |       0 |   0.0
        D:2 |      27 |      36 |  57.1 |       9 |       1 |  10.0
        D:3 |     159 |     247 |  60.8 |      14 |       8 |  36.4
        D:4 |     328 |       0 |   0.0 |      20 |       0 |   0.0
        D:5 |     836 |     180 |  17.7 |      21 |       3 |  12.5
        D:6 |     611 |       0 |   0.0 |      16 |       0 |   0.0
        D:7 |    1974 |    1317 |  40.0 |      20 |      15 |  42.9
        D:8 |    3779 |     513 |  12.0 |      33 |      16 |  32.7
        D:9 |    2622 |    1383 |  34.5 |      18 |       8 |  30.8
       D:10 |    6118 |    1298 |  17.5 |      31 |      33 |  51.6
       D:11 |    6021 |     656 |   9.8 |      27 |       1 |   3.6
       D:12 |    2281 |    5080 |  69.0 |       6 |       9 |  60.0
       D:13 |    7416 |       0 |   0.0 |      22 |       0 |   0.0
       D:14 |   13231 |    1692 |  11.3 |      22 |       3 |  12.0
       D:15 |   10906 |    8646 |  44.2 |      26 |      16 |  38.1
     Lair:1 |    7612 |     822 |   9.7 |      29 |       4 |  12.1
     Lair:2 |    2543 |       0 |   0.0 |      11 |       0 |   0.0
     Lair:3 |   12499 |    3832 |  23.5 |      39 |      10 |  20.4
     Lair:4 |   17019 |    2726 |  13.8 |      40 |      11 |  21.6
     Lair:5 |    6632 |   10747 |  61.8 |      18 |      39 |  68.4
   Shoals:1 |    9280 |    1800 |  16.2 |      16 |       6 |  27.3
   Shoals:2 |   16756 |    4789 |  22.2 |      35 |       4 |  10.3
   Shoals:3 |   18434 |   17763 |  49.1 |      35 |      22 |  38.6
   Shoals:4 |    7698 |   24959 |  76.4 |      16 |      34 |  68.0
   Spider:1 |   17590 |       0 |   0.0 |      47 |       0 |   0.0
   Spider:2 |   13769 |   10255 |  42.7 |      34 |      18 |  34.6
   Spider:3 |   14542 |    4609 |  24.1 |      32 |      10 |  23.8
   Spider:4 |   20069 |   15442 |  43.5 |      45 |      34 |  43.0
      Orc:1 |    3649 |    2969 |  44.9 |      36 |       6 |  14.3
      Orc:2 |    1691 |   17494 |  91.2 |      22 |      39 |  63.9
      Elf:1 |   18495 |    6815 |  26.9 |      31 |      11 |  26.2
      Elf:2 |   10754 |   26934 |  71.5 |      19 |      38 |  66.7
   Vaults:1 |   33077 |   25026 |  43.1 |      47 |      32 |  40.5
   Vaults:2 |   19571 |   16266 |  45.4 |      32 |      23 |  41.8
   Vaults:3 |   19280 |   12852 |  40.0 |      33 |      15 |  31.2
   Vaults:4 |   31846 |   17564 |  35.5 |      53 |      21 |  28.4
   Depths:1 |   24748 |    5798 |  19.0 |      30 |       8 |  21.1
   Depths:2 |   35799 |   29379 |  45.1 |      38 |      27 |  41.5
   Depths:3 |   26250 |   22314 |  45.9 |      28 |      16 |  36.4
   Depths:4 |   21730 |    8030 |  27.0 |      32 |       6 |  15.8
    Abyss:2 |   19352 |   10029 |  34.1 |      43 |       9 |  17.3
    Abyss:3 |   10427 |   13601 |  56.6 |      33 |      10 |  23.3
     Bailey |       0 |     590 | 100.0 |       0 |      23 | 100.0
      IceCv |       0 |   25477 | 100.0 |       0 |      53 | 100.0
     WizLab |       0 |   32306 | 100.0 |       0 |      40 | 100.0
   Gauntlet |       0 |    4344 | 100.0 |       0 |      16 | 100.0
            +---------+---------+-------+---------+---------+-------
